[Event "*** Titled Tuesday Blitz"]
[Site "Chess.com"]
[Date "2018.10.02"]
[Round "9"]
[White "vovachesss"]
[Black "MatthewG-p4p"]
[Result "0-1"]
[WhiteElo "2472"]
[BlackElo "2651"]
[TimeControl "180+2"]
[EndTime "14:57:48 PDT"]
[Termination "MatthewG-p4p won on time"]

1. e4 c5 2. Nf3 e6 3. d4 cxd4 4. c3 a6 5. Bc4 b5 6. Bb3 dxc3 7.
Nxc3 d6 8. O-O Nc6 9. Re1 Ra7 10. Be3 Rd7 11. Rc1 Bb7 12. a4 b4 13. Nd5 Nf6 14.
Bb6 Qb8 15. Nd4 Nxd4 16. Qxd4 exd5 17. e5 dxe5 18. Rxe5+ Be7 19. Bc5 O-O 20. Bxe7 Rc8 21. Rce1 Ne4 22. f3 Nd6 23. Bxd6 Rxd6 24. Re7 h6 0-1

[Event "*** Titled Tuesday Blitz"]
[Site "Chess.com"]
[Date "2018.10.02"]
[Round "9"]
[White "nochewycandy"]
[Black "biostatistician"]
[Result "1-0"]
[WhiteElo "2206"]
[BlackElo "2556"]
[TimeControl "180+2"]
[EndTime "14:57:53 PDT"]
[Termination "nochewycandy won on time"]

1. c4 Nf6 2. g3 g6 3. Bg2 Bg7 4. Nc3 O-O 5. Nf3 b6 6. O-O Bb7 7. d3 c5 8. e4 Nc6 9. h3 Ne8 10. Rb1 Nc7 11. a3 a5 12. Be3 Ne6 13. Nd5 Ned4 14. b4 axb4 15. axb4 Ra7 16. b5 Nxf3+ 17. Bxf3 Nd4 18. Bg2 Bxd5 19. exd5 d6 20. Re1 Ra2 21.
Bxd4 Bxd4 22. Re2 Qa8 23. Rc1 Qa3 24. Rxa2 Qxa2 25. Qc2 Qa3 26. Re1 Bf6 27. h4 h5 28.
Bh3 Ra8 29. Qe2 Qc3 30. Qe4 Ra2 31. Re2 Ra1+ 32. Kg2 1-0

[Event "*** Titled Tuesday Blitz"]
[Site "Chess.com"]
[Date "2018.10.02"]
[Round "9"]
[White "DishonorOnYourCow"]
[Black "JonahWillow"]
[Result "0-1"]
[WhiteElo "2267"]
[BlackElo "2698"]
[TimeControl "180+2"]
[EndTime "14:58:09 PDT"]
[Termination "JonahWillow won by resignation"]

1. d4 Nf6 2. c4 e6 3. Nc3 c5 4.
e3 cxd4 5. exd4 d5 6. cxd5 Nxd5 7.
Nf3 Bb4 8. Bd2 O-O 9. Bd3 h6 10. Kf1 Nc6 11. h4 a6 12. Rh3 b5 13. Rg3 Bd6 14. Rh3 Bb7 15. Nxd5 exd5 16. Bc2 Re8 17. Be3 Qf6 18. Qd3 g6 19. a3 Kg7 20. h5 Bc8 21. Rh1 Bf5 22. Qd2 g5 23. Nxg5 Bxc2 24.
Qxc2 hxg5 25. h6+ Kh8 26. Qxc6 Rac8 27. Qxd5 Rxe3 28. Qb7 Rc2 29. f3 Qf5 30. h7 Qd3+ 31.
Kg1 Qxd4 32. Qa8+ Re8+ 0-1

[Event "*** Titled Tuesday Blitz"]
[Site "Chess.com"]
[Date "2018.10.02"]
[Round "9"]
[White "ddtru"]
[Black "BillForster"]
[Result "1-0"]
[WhiteElo "2220"]
[BlackElo "1690"]
[TimeControl "180+2"]
[EndTime "14:58:13 PDT"]
[Termination "ddtru won by resignation"]

1. d4 d5 2. Nf3 Nf6 3. c4 c6 4. Nc3 e6 5. e3 Nbd7 6. Bd3 dxc4 7. Bxc4 b5 8. Bd3 a6 9. e4 c5 10. e5 cxd4 11. exf6 dxc3 12. O-O Nxf6 13. bxc3 Be7 14. a4 Bd7 15. Ne5 O-O 16. Bg5 Be8 17. Qf3 g6 18. Bh6 Bd6 19. Bxf8 Bxe5 20. Bh6 bxa4 21. Ra3 Qd6 22.
Rfa1 Bxh2+ 23. Kh1 Nh5 24. Qxa8 Qe7 25. Qf3 Be5 26.
Rxa4 Qh4+ 27. Rxh4 1-0

[Event "*** Titled Tuesday Blitz"]
[Site "Chess.com"]
[Date "2018.10.02"]
[Round "9"]
[White "nearestway"]
[Black "ajkom197"]
[Result "1-0"]
[WhiteElo "2531"]
[BlackElo "2376"]
[TimeControl "180+2"]
[EndTime "14:58:18 PDT"]
[Termination "nearestway won on time"]

1. c4 c6 2. Nf3 d5 3. g3 Nf6 4. Bg2 Bf5 5. cxd5 cxd5 6. Qb3 Nc6 7. Qxb7 Bd7 8. Qb3 e5 9. O-O Rb8 10. Qd1 Bd6 11. d3 O-O 12. Nc3 Qe7 13. Bg5 Be6 14. b3 h6 15. Bxf6 Qxf6 16. Nd2 e4 17. dxe4 Be5 18. exd5 Bxc3 19. Ne4 Qd4 20. Nxc3 Qxc3 21. dxe6 Nd4 22. exf7+ Kh8 23. e3 Nf5 24.
Qd5 Qf6 25. Bh3 Ne7 26. Qe6 Qg5 27. f4 Qc5 28. Rfc1 Qa3 29. Rc7 Qb2 30. Qe5 Qd2 31. Rxe7 Qe2 32. Bf1 Qf3 33. Bg2 Qe2 34. Re8 Qb2 35.
Qxb2 1-0

[Event "*** Titled Tuesday Blitz"]
[Site "Chess.com"]
[Date "2018.10.02"]
[Round "9"]
[White "RiskyDecision"]
[Black "luizzy"]
[Result "1-0"]
[WhiteElo "2403"]
[BlackElo "2400"]
[TimeControl "180+2"]
[EndTime "14:58:18 PDT"]
[Termination "RiskyDecision won by resignation"]

1. d4 Nf6 2. c4 g6 3. g3 Bg7 4.
Bg2 O-O 5. Nc3 d6 6. Nf3 Nbd7 7. O-O e5 8. e4 c6 9. h3 h6 10. Be3 Qc7 11. Rc1 a5 12. c5 dxc5 13. dxe5 Nxe5 14. Nxe5 Qxe5 15. f4 Qe7 16. e5 Rd8 17. Qe2 Nd5 18.
Nxd5 cxd5 19. Bxc5 Qe6 20. Rfd1 b6 21. Bd4 Ba6 22. Qe3 Rab8 23. Rc7 Bf8 24. Rdc1 Bb5 25.
g4 a4 26. Qf2 Bd3 27. Qe3 Bb5 28. Qf3 Bc4 29. f5 gxf5 30. gxf5 Qe8 31. e6 Bd6 32. exf7+ Qxf7 33. Qg4+ Kf8 34. Rxf7+ Kxf7 35. Qg6+ Ke7 36. Qg7+ 1-0

[Event "*** Titled Tuesday Blitz"]
[Site "Chess.com"]
[Date "2018.10.02"]
[Round "9"]
[White "SantoBlue"]
[Black "grzechu96"]
[Result "0-1"]
[WhiteElo "2808"]
[BlackElo "2587"]
[TimeControl "180+2"]
[EndTime "14:58:19 PDT"]
[Termination "grzechu96 won by resignation"]

1. e4 e5 2. Nf3 Nc6 3. Bb5 a6 4.
Ba4 Nf6 5. O-O Be7 6. Re1 b5 7.
Bb3 d6 8. c3 O-O 9. h3 Nb8 10.
d4 Nbd7 11. c4 c6 12. Nc3 b4 13. Ne2 Nxe4 14. c5 d5 15. Nxe5 Nxe5 16. dxe5 Bxc5 17. Nd4 Nxf2 18. Kxf2 Qh4+ 19. Kg1 Qxd4+ 20. Kh1 Qxd1 21.
Rxd1 Bf5 22. Bf4 Rac8 23. Rac1 Bb6 24. Ba4 Bd7 25. Rc2 Rfd8 26. Rdc1 c5 27. Bxd7 Rxd7 28. b3 Kf8 29. g4 Ke7 30. Kg2 Ke6 31. Kf3 Rdc7 32.
Be3 Rc6 33. Bd4 a5 34. h4 a4 35. Bf2 axb3 36. axb3 c4 37. Bg3 c3 38. Ra1 Rd8 39. Ke2 Bd4 40. Ra4 Rb6 41. Ra7 Bxe5 42. Bxe5 Kxe5 43.
Rxf7 Rf6 44. Rxg7 Re8 45. Ke3 Kd6+ 0-1

[Event "*** Titled Tuesday Blitz"]
[Site "Chess.com"]
[Date "2018.10.02"]
[Round "9"]
[White "ShimanovAlex"]
[Black "TrimitziosP7"]
[Result "1-0"]
[WhiteElo "2727"]
[BlackElo "2580"]
[TimeControl "180+2"]
[EndTime "14:58:19 PDT"]
[Termination "ShimanovAlex won by resignation"]

1. e4 c5 2. Nc3 Nc6 3. Nf3 g6 4. Bb5 Bg7 5. O-O a6 6. Bxc6 bxc6 7. Re1 d6 8. h3 e5 9. d3 Ne7 10. Be3 O-O 11. Qd2 f5 12. Bh6 f4 13. Bxg7 Kxg7 14. Na4 h6 15. c3 g5 16. d4 cxd4 17.
cxd4 Ng6 18. dxe5 dxe5 19. Qc3 Qf6 20. Nc5 h5 21. Nd3 Re8 22. Rac1 Bd7 23. Red1 Rad8 24. Nc5 Bc8 25. Rxd8 Rxd8 26. Nd3 Re8 27. Qxc6 Qe7 28. Qc7 Bd7 29. Qb7 Bb5 30. Rc7 Bxd3 31. Rxe7+ Rxe7 32. Qd5 Bb5 33. Nxg5 Rd7 34. Qe6 Re7 35. Qb6 Kh6 36.
Nf3 Kg7 37. b3 Be2 38. Ng5 Kh6 39. Qf6 Re8 40. Ne6 Rg8 41. Qf7 Ne7 42. Qxe7 Bf3 43. Qf6+ Kh7 44. Ng5+ Rxg5 45. Qxg5 Bxe4 46. Qxh5+ 1-0

[Event "*** Titled Tuesday Blitz"]
[Site "Chess.com"]
[Date "2018.10.02"]
[Round "9"]
[White "Kawhi_Leonard2"]
[Black "Blagorod"]
[Result "1-0"]
[WhiteElo "2280"]
[BlackElo "2047"]
[TimeControl "180+2"]
[EndTime "14:58:27 PDT"]
[Termination "Kawhi_Leonard2 won by resignation"]

1. e4 e5 2. Nf3 Nf6 3. Nxe5 d6 4. Nf3 Nxe4 5. d4 d5 6. Bd3 Nc6 7. O-O Be7 8. c4 Nb4 9. Be2 O-O 10. Nc3 Nxc3 11. bxc3 Nc6 12. Rb1 Rb8 13. cxd5 Qxd5 14. c4 Qf5 15. Be3 Rd8 16. Qa4 a6 17. Rfe1 Bf6 18.
Red1 h6 19. h3 Nxd4 20. Nxd4 Bxd4 21. Bxd4 Rxd4 22. Qe8+ Kh7 23. Rxd4 Qxb1+ 24. Rd1 Qg6 25. Bd3 f5 26. Qd8 Qf6 27. Qxc7 Ra8 28. Re1 b5 29. c5 Be6 30. Qc6 Rd8 31. Bb1 Bc4 32. Qxf6 gxf6 33. Bxf5+ Kg7 34. c6 Rf8 35. c7 Bxa2 36. c8=Q Rxc8 37.
Bxc8 a5 38. Ra1 Bc4 39. Rxa5 1-0

[Event "*** Titled Tuesday Blitz"]
[Site "Chess.com"]
[Date "2018.10.02"]
[Round "9"]
[White "xamax2000"]
[Black "Saitama_Hero"]
[Result "1-0"]
[WhiteElo "2460"]
[BlackElo "2244"]
[TimeControl "180+2"]
[EndTime "14:58:48 PDT"]
[Termination "xamax2000 won on time"]

1. e4 c5 2. Nf3 d6 3. Bb5+ Bd7 4. Bxd7+ Qxd7 5. c4 Nf6 6. Nc3 g6 7. d4 cxd4 8. Nxd4 Bg7 9. f3 Qc7 10. b3 Qa5 11. Bd2 Nc6 12. Nd5 Qd8 13. Bc3 Nxd5 14.
exd5 Nxd4 15. Bxd4 Qa5+ 16. Kf2 O-O 17. Bxg7 Kxg7 18. Qd4+ f6 19. Rhe1 Rfe8 20. Re2 Rac8 21. Rae1 Rc7 22. Kg3 a6 23. a4 Qb4 24. Qe3 Rd8 25. h4 b5 26. cxb5 axb5 27. Qd3 Rdd7 28.
axb5 Kf7 29. Re4 Qc3 30. Qxc3 Rxc3 31. Rb4 Rc5 32. b6 Rb7 33. Ra1 Rxd5 34. Ra7 Rxa7 35.
bxa7 1-0

[Event "*** Titled Tuesday Blitz"]
[Site "Chess.com"]
[Date "2018.10.02"]
[Round "9"]
[White "Alopekos"]
[Black "plouarzel"]
[Result "1-0"]
[WhiteElo "2452"]
[BlackElo "2581"]
[TimeControl "180+2"]
[EndTime "14:58:54 PDT"]
[Termination "Alopekos won by checkmate"]

1. e4 d6 2. d4 Nf6 3. Nc3 e5 4. Nf3 Nbd7 5. Bc4 exd4 6. Nxd4 Nb6 7. Bd3 Be7 8. O-O O-O 9. a4 a5 10. Bf4 c6 11. h3 d5 12. e5 Ne8 13. Qh5 g6 14.
Qh6 Ng7 15. Nf3 Ne6 16. Ne2 f6 17. Bxg6 hxg6 18. Qxg6+ Ng7 19. Bh6 Rf7 20. Ng3 Bf8 21. Rae1 Bf5 22. Nxf5 Nc8 23. Ng5 fxg5 24. Bxg5 Qxg5 25.
Qxg5 Rxf5 26. Qd8 Ne6 27. Qd7 Nd4 28. Qxb7 Ra7 29. Qxc8 Rg7 30. c3 Nf3+ 31. Kh1 Nh4 32. g3 Rf3 33. gxh4 Kh7 34. Rg1 Rgf7 35. Qg4 Bg7 36.
e6 R7f4 37. Qxg7# 1-0

[Event "*** Titled Tuesday Blitz"]
[Site "Chess.com"]
[Date "2018.10.02"]
[Round "9"]
[White "Blitzstream"]
[Black "lavr92"]
[Result "0-1"]
[WhiteElo "2600"]
[BlackElo "2530"]
[TimeControl "180+2"]
[EndTime "14:58:56 PDT"]
[Termination "lavr92 won by resignation"]

1. g4 d5 2. Bg2 c6 3. g5 e5 4. d4 e4 5. c4 h6 6. g6 fxg6 7. Nc3 Nf6 8. Qb3 Na6 9. Bf4 Bd6 10. Bxd6 Qxd6 11. a3 Nc7 12. e3 Rb8 13. Nge2 Be6 14. c5 Qe7 15. Nf4 Bf7 16. h4 O-O 17. Qc2 Ne6 18. Nce2 Nxf4 19. Nxf4 Nh5 20. Nh3 Be6 21.
O-O-O Rf6 22. Rdf1 Rbf8 23. b4 a6 24. a4 Bg4 25.
Qa2 Kh7 26. Qc2 Bf3 27. Bxf3 Rxf3 28. Rfg1 Qd7 29. Nf4 Nxf4 30. exf4 R8xf4 31. Rg2 Qf5 32. Rhg1 Rxf2 33. Rxf2 Rxf2 34. Qd1 e3 35. h5 gxh5 36.
Re1 Qe4 37. Qb3 Qxd4 38. Qb1+ Kg8 0-1

[Event "*** Titled Tuesday Blitz"]
[Site "Chess.com"]
[Date "2018.10.02"]
[Round "9"]
[White "severomorskij"]
[Black "W_Amadeus"]
[Result "1-0"]
[WhiteElo "2696"]
[BlackElo "2615"]
[TimeControl "180+2"]
[EndTime "14:58:57 PDT"]
[Termination "severomorskij won by resignation"]

1. d4 d6 2. e4 Nf6 3. Nc3 c6 4. f4 Qa5 5. Bd3 Bg4 6. Nf3 Nbd7 7. Be3 e5 8. h3 Bxf3 9. Qxf3 Qb4 10. a3 Qxb2 11. Kd2 exf4 12. Rhb1 fxe3+ 13. Qxe3 Qxa1 14. Rxa1 Be7 15. Rb1 b6 16. e5 dxe5 17. dxe5 Nd5 18.
Nxd5 cxd5 19. e6 Nf6 20. Bb5+ Kf8 21. Bd3 Bxa3 22. g4 Bc5 23. Qf4 h6 24. Qc7 fxe6 25. Bg6 Be7 26. Qc6 Rd8 27. Qxe6 Ne4+ 28. Kd1 Ng5 29. Qf5+ Bf6 30. h4 Ke7 31. hxg5 hxg5 32. Bh5 Kd6 33. Rb3 Kc7 34. Rd3 Rd6 35. c3 Rhd8 36. Kc2 R8d7 37. Kb3 Rc6 38. Be8 1-0

[Event "*** Titled Tuesday Blitz"]
[Site "Chess.com"]
[Date "2018.10.02"]
[Round "9"]
[White "2165149677570"]
[Black "Bauxi435"]
[Result "0-1"]
[WhiteElo "2328"]
[BlackElo "2431"]
[TimeControl "180+2"]
[EndTime "14:59:08 PDT"]
[Termination "Bauxi435 won by resignation"]

1. d4 Nf6 2. c4 e6 3. Nf3 d5 4. Nc3 dxc4 5. e4 Bb4 6. Qc2 b5 7. a4 c6 8. Be2 O-O 9. O-O Bxc3 10. bxc3 Bb7 11. Ba3 Re8 12. Rfd1 a6 13. Ne5 Nbd7 14.
f4 Qc7 15. g4 c5 16. g5 Bxe4 17. Qb2 Nd5 18. axb5 Nxf4 19. Bxc4 Nxe5 20. dxe5 Nh3+ 21. Kf1 Qxe5 22. Qd2 Qf5+ 23. Ke1 Rad8 24. Qe3 Qg4 25. Bxc5 Bc2 26. Rd2 Rxd2 27. Kxd2 Qxc4 28. Kxc2 Nf4 29.
Bd4 Nd5 30. Qd2 axb5 31. Kb2 b4 32. cxb4 Nxb4 33. Qc3 Qe2+ 34. Kb3 Nd5 35. Qg3 Qb5+ 36.
Kc2 Qc4+ 37. Bc3 Rc8 38. Ra3 Nxc3 39. Rxc3 Qxc3+ 40. Qxc3 Rxc3+ 41. Kxc3 Kf8 42. Kd4 Ke7 0-1

[Event "*** Titled Tuesday Blitz"]
[Site "Chess.com"]
[Date "2018.10.02"]
[Round "9"]
[White "ruvat"]
[Black "Cryptinz"]
[Result "0-1"]
[WhiteElo "2286"]
[BlackElo "2368"]
[TimeControl "180+2"]
[EndTime "14:59:09 PDT"]
[Termination "Cryptinz won by resignation"]

1. d4 Nf6 2. c4 e6 3. g3 c5 4.
d5 d6 5. Nc3 Be7 6. Bg2 O-O 7.
Nf3 exd5 8. cxd5 Re8 9. O-O a6 10. a4 b6 11. h3 Bb7 12. e4 Nbd7 13. Re1 Bf8 14. Qc2 g6 15. Bf4 Nh5 16. Bg5 Qc7 17. g4 Ng7 18. Bf4 h5 19. Rad1 hxg4 20. hxg4 Ne5 21.
Nxe5 dxe5 22. Be3 Qd7 23. Qe2 Bd6 24. Qf3 Bc8 25. Bh3 Nh5 26. Ne2 Bf8 27. Kh2 Ng7 28. Nc3 b5 29. b3 b4 30. Nb1 c4 31.
bxc4 Qxa4 32. c5 f5 33. gxf5 gxf5 34. exf5 e4 35. Qg3 Re5 36. Rg1 Rxf5 37. Bd4 Rh5 38. Bxg7 Rxh3+ 39. Qxh3 Bxh3 40. Be5+ Kf7 41. Kxh3 Bxc5 42.
Rg7+ Kf8 43. d6 Qxd1 0-1

[Event "*** Titled Tuesday Blitz"]
[Site "Chess.com"]
[Date "2018.10.02"]
[Round "9"]
[White "Ramosha"]
[Black "GMBenjaminFinegold"]
[Result "0-1"]
[WhiteElo "2471"]
[BlackElo "2310"]
[TimeControl "180+2"]
[EndTime "14:59:12 PDT"]
[Termination "GMBenjaminFinegold won by resignation"]

1. d4 Nf6 2. Nf3 c5 3. c3 g6 4. Bg5 Bg7 5. Nbd2 O-O 6. Bxf6 exf6 7. dxc5 Na6 8. Nb3 f5 9. e3 Qe7 10. Qd5 Nc7 11. Qd6 Qd8 12. Bc4 b6 13. cxb6 axb6 14. Qxb6 Ba6 15. Bxa6 Rxa6 16. Qb7 f4 17. O-O fxe3 18.
fxe3 Re6 19. Nc5 Rxe3 20. Rad1 d5 21. Nd4 Qd6 22. b4 Rxc3 23. Nb5 Nxb5 24. Qxb5 Rc2 25. a4 Rb8 26. Qd3 Ra2 27. Qxd5 Qxd5 28. Rxd5 Bf8 29.
Nd7 Rxb4 30. Nxf8 Rbb2 31. Rg5 Kxf8 32. Rg4 Kg7 33. h4 f5 34. Rg3 Rxa4 35. h5 Kf6 36. hxg6 hxg6 37. Rf2 Ra1+ 38. Rf1 Rxf1+ 39. Kxf1 g5 40. Rc3 g4 41. g3 Ke5 42. Rc8 Ke4 43. Rc3 Rd2 44. Kg1 Rd3 45. Rc4+ Kf3 46. Kh2 Rd2+ 47.
Kh1 Rd1+ 48. Kh2 Rd2+ 49. Kh1 Kxg3 50. Rc3+ Kh4 51. Kg1 f4 52. Kf1 f3 53. Kg1 Kg3 54.
Rc1 Rg2+ 55. Kh1 Rh2+ 56. Kg1 f2+ 0-1

[Event "*** Titled Tuesday Blitz"]
[Site "Chess.com"]
[Date "2018.10.02"]
[Round "9"]
[White "woodhy"]
[Black "Vamostodorecto"]
[Result "1-0"]
[WhiteElo "2424"]
[BlackElo "2407"]
[TimeControl "180+2"]
[EndTime "14:59:14 PDT"]
[Termination "woodhy won on time"]

1. e4 e6 2. d4 d5 3. e5 c5 4. c3 Nc6 5. Be3 Nge7 6. Nf3 Ng6 7.
h4 h5 8. Bd3 cxd4 9. cxd4 Bb4+ 10. Nc3 Nf8 11. O-O Be7 12. Ng5 f6 13. exf6 gxf6 14.
Nh7 Nxh7 15. Qxh5+ Kd7 16. Bxh7 b6 17. Bf4 Ba6 18. Rfe1 Bd3 19. Rxe6 Rxh7 20. Qxd5+ Ke8 21. Qxc6+ Kf7 22. Rae1 Kf8 23. Nd5 Rc8 24. Qb7 Bb4 25.
Qxh7 Bxh7 26. Rxf6+ Kg7 27. Bh6+ Kg8 28. Re5 Bd6 29.
Rg5+ Kh8 30. Bg7+ Kg8 31. Rxd6 Rc1+ 32. Kh2 Qxd6+ 33. Be5+ Qg6 34. Ne7+ Kf7 35. Nxg6 Bxg6 36. h5 Bb1 37. Rg7+ Ke6 38. Rxa7 Rf1 39. Kg3 Be4 40.
f3 Bd5 41. Ra6 Kf5 42. Rxb6 Rg1 43. Rg6 1-0

[Event "*** Titled Tuesday Blitz"]
[Site "Chess.com"]
[Date "2018.10.02"]
[Round "9"]
[White "Morshynska"]
[Black "GCamachoMartinez"]
[Result "1-0"]
[WhiteElo "2098"]
[BlackElo "2280"]
[TimeControl "180+2"]
[EndTime "14:59:16 PDT"]
[Termination "Morshynska won on time"]

1. d4 d5 2. c4 dxc4 3. Nf3 Nf6 4. e3 e6 5. Bxc4 c5 6. O-O Nc6 7. Qe2 cxd4 8. Rd1 Be7 9. Nxd4 Nxd4 10. Rxd4 Qc7 11. Nc3 a6 12. e4 b5 13. e5 Nd7 14.
Bb3 Bb7 15. Bf4 Bc5 16. Rd3 Qc6 17. Rg3 g6 18. h4 h6 19. Rd1 O-O-O 20. Bc2 g5 21.
Be4 Qc7 22. hxg5 hxg5 23. Bxb7+ Kxb7 24. Rxg5 Nb6 25. Ne4 Nd5 26. Bg3 Qb6 27. Rg7 Rd7 28. Qf3 Rc8 29. Rxf7 Rcc7 30. Rxd7 Rxd7 31. Nf6 Rf7 32.
Qe4 Ka7 33. Rd2 Rg7 34. Kf1 Be3 35. Rc2 Bd4 36. Nxd5 exd5 37. Qxd5 Rb7 38. e6 1-0

[Event "*** Titled Tuesday Blitz"]
[Site "Chess.com"]
[Date "2018.10.02"]
[Round "9"]
[White "HouseOfDurin"]
[Black "WPWPWP-2015"]
[Result "0-1"]
[WhiteElo "1778"]
[BlackElo "2258"]
[TimeControl "180+2"]
[EndTime "14:59:18 PDT"]
[Termination "WPWPWP-2015 won by resignation"]

1. d4 Nf6 2. Bg5 e6 3. e4 h6 4. Bxf6 Qxf6 5. e5 Qd8 6. Qg4 c5 7. dxc5 Qa5+ 8. Nc3 h5 9. Qf4 Qxc5 10. O-O-O g5 11. Qc4 a6 12. Nf3 g4 13. Ng5 Qxc4 14.
Bxc4 f5 15. exf6 d5 16. Bxd5 Bh6 17. h4 gxh3 18. f4 exd5 19. Rhe1+ Kd7 20. Nxd5 Kc6 21. Ne7+ Kb6 22. gxh3 Nc6 23. Rd6 Kc7 24. Red1 Bxg5 25. fxg5 Nxe7 26. fxe7 Bxh3 27. g6 Rae8 28. g7 Rhg8 29.
Rd8 Be6 30. Rxe8 Rxe8 31. Rg1 Bg8 32. Rf1 Rxe7 33. Rh1 Re5 34. Rf1 Rg5 35. Rh1 Bf7 36. b3 Rxg7 37. Re1 Rh7 38. Re7+ Kd6 39. Rxb7 h4 40. Rb6+ Ke5 41. Rxa6 h3 42. Ra5+ Kf4 43. Ra4+ Ke3 44. Ra7 h2 45. Re7+ Kf2 46. Rxf7+ 0-1

[Event "*** Titled Tuesday Blitz"]
[Site "Chess.com"]
[Date "2018.10.02"]
[Round "9"]
[White "chenrip"]
[Black "dmosesov"]
[Result "1-0"]
[WhiteElo "2393"]
[BlackElo "2304"]
[TimeControl "180+2"]
[EndTime "14:59:24 PDT"]
[Termination "chenrip won by resignation"]

1. e4 c5 2. Nf3 e6 3. g3 Nc6 4. Bg2 d5 5. exd5 exd5 6. O-O Nf6 7. h3 Be7 8. d4 O-O 9. Nc3 h6 10. Be3 cxd4 11. Nxd4 Ne5 12. Qe2 Nc4 13. Nxd5 Nxb2 14. Nxe7+ Qxe7 15. Qb5 Ne4 16. Qxb2 Nxg3 17. Rae1 Nxf1 18.
Kxf1 Qf6 19. Qb4 a5 20. Qb5 Ra6 21. Nf3 Rc6 22. Bd4 Qf5 23. Qxf5 Bxf5 24. c3 b5 25. Nh4 Bd3+ 26. Kg1 Rcc8 27. Re3 Bc4 28. a3 Rfe8 29.
Rg3 g6 30. Nf5 Kh7 31. Nd6 Re1+ 32. Kh2 Rc7 33. Nxc4 Rxc4 34. Bd5 Rc7 35. Rf3 Ra1 36. Bxf7 Rxa3 37. Bd5 h5 38. Rf8 g5 39. Be4+ Kh6 40. Rh8+ 1-0

[Event "*** Titled Tuesday Blitz"]
[Site "Chess.com"]
[Date "2018.10.02"]
[Round "9"]
[White "FMJoseHerrera"]
[Black "TastyFrenchFries"]
[Result "0-1"]
[WhiteElo "2525"]
[BlackElo "2437"]
[TimeControl "180+2"]
[EndTime "14:59:25 PDT"]
[Termination "TastyFrenchFries won on time"]

1. Nf3 e6 2. g3 b6 3. Bg2 Bb7 4. d3 Nf6 5. Nc3 Be7 6. e4 O-O 7. O-O d5 8. Bf4 c5 9. exd5 Nxd5 10. Bd2 Nc6 11. Ne4 Qd7 12. Re1 h6 13. a3 Rae8 14.
Qc1 f5 15. Nc3 Kh7 16. Ne2 a5 17. c4 Nf6 18. Nf4 Bd6 19. Bc3 e5 20. Nd5 Nxd5 21.
cxd5 Nd4 22. Bxd4 exd4 23. b4 Rxe1+ 24. Qxe1 Re8 25. Qd2 cxb4 26. Nxd4 bxa3 27. Nc6 Rc8 28. d4 Bxc6 29. dxc6 Rxc6 30. Bxc6 Qxc6 31. Qd3 Qd5 32. Rb1 Bb4 33. Ra1 b5 34. h4 Bd6 35. g4 b4 36. gxf5 Kg8 37. Rc1 a2 38. f6 b3 39.
Qg6 Qf7 40. Qg4 Qxf6 41. Qc8+ Kh7 42. Qc4 b2 43. Qc2+ Qg6+ 0-1

[Event "*** Titled Tuesday Blitz"]
[Site "Chess.com"]
[Date "2018.10.02"]
[Round "9"]
[White "Zq1"]
[Black "ENEASZ"]
[Result "0-1"]
[WhiteElo "2584"]
[BlackElo "2596"]
[TimeControl "180+2"]
[EndTime "14:59:33 PDT"]
[Termination "ENEASZ won by resignation"]

1. d4 d6 2. Nf3 Nf6 3. c4 g6 4.
Nc3 Bg7 5. e4 O-O 6. Be2 e5 7.
O-O Nc6 8. d5 Ne7 9. Ne1 Nd7 10.
Be3 f5 11. f3 f4 12. Bf2 g5 13. Nb5 b6 14. b4 Ng6 15. Nd3 Nf6 16. c5 Rf7 17. cxd6 cxd6 18. a4 Bf8 19. a5 bxa5 20. bxa5 g4 21. Nb4 g3 22. hxg3 fxg3 23. Bxg3 Nh5 24.
Bh2 Qg5 25. Rc1 Ngf4 26. g4 Nh3+ 27. Kh1 N5f4 28. Nd3 Nxe2 29. Qxe2 h5 30. Nc7 Rb8 31. Ne6 Qh4 32. Qg2 hxg4 33. Qxg4+ Qxg4 34. fxg4 Rxf1+ 35. Rxf1 Ba6 36. Rxf8+ Rxf8 37. Nxf8 Bxd3 38. Kg2 Bxe4+ 39. Kxh3 Kxf8 40. Bg1 a6 41. Bb6 Bxd5 42. g5 Be4 43.
Kg4 Bg6 44. Bc7 Ke7 45. Kf3 Ke6 46. Ke3 d5 47. Bb6 Kf5 48. Ba7 Kxg5 49. Bb6 Kf5 50. Ba7 Ke6 51. Bb6 Kd6 52. Ba7 Kc6 53. Bb6 Kb5 54. Bc7 d4+ 55. Kd2 e4 56. Be5 e3+ 57. Ke2 Kc4 58. Bf4 Bh5+ 59. Ke1 Kd3 60. Bd6 Kc3 61.
Bc5 Bg4 62. Bb6 Kd3 63. Bc5 Ke4 64. Bb6 d3 0-1

[Event "*** Titled Tuesday Blitz"]
[Site "Chess.com"]
[Date "2018.10.02"]
[Round "9"]
[White "Korchmar_Vasiliy"]
[Black "Shant_Sargsyan"]
[Result "1/2-1/2"]
[WhiteElo "2712"]
[BlackElo "2892"]
[TimeControl "180+2"]
[EndTime "14:59:42 PDT"]
[Termination "Game drawn by repetition"]

1. d4 Nf6 2. c4 e6 3. Nc3 Bb4 4. e3 O-O 5. Bd3 d5 6. Nf3 dxc4 7. Bxc4 c5 8. O-O Nc6 9. a3 Ba5 10. dxc5 Bxc3 11. bxc3 Qxd1 12. Rxd1 Na5 13. Be2 Ne4 14. Bb2 Nxc5 15. a4 b6 16. Ba3 Bb7 17. Bxc5 bxc5 18.
Rab1 Bc6 19. Bb5 Be4 20. Rb2 Rab8 21. Ne5 Rfd8 22. Rbd2 Rxd2 23. Rxd2 f6 24. f3 Bd5 25. e4 Bb3 26. Nd7 Rc8 27. Rd6 Rc7 28. Nb8 Rc8 29. Nc6 Nxc6 30. Bxc6 Rc7 31. Bb5 Kf7 32. Kf2 Ke7 33. Ra6 e5 34. Ke3 Be6 35. Ra5 Bc8 36.
Ba6 Be6 37. Bb5 Bc8 38. Ba6 Bd7 39. Bb5 Be6 40. Ba6 Kd6 41. Bb5 Bc8 42. Ba6 Bd7 43.
Bb5 Bxb5 44. Rxb5 c4 45. g3 a6 46. Rb6+ Rc6 47. Rb7 Rc7 48. Rb6+ Rc6 49. Rb7 Rc7 50. Rb6+ Rc6 1/2-1/2

[Event "*** Titled Tuesday Blitz"]
[Site "Chess.com"]
[Date "2018.10.02"]
[Round "9"]
[White "cool4chess"]
[Black "Jbd735"]
[Result "0-1"]
[WhiteElo "2182"]
[BlackElo "2322"]
[TimeControl "180+2"]
[EndTime "14:59:42 PDT"]
[Termination "Jbd735 won by checkmate"]

1. e4 e5 2. Nf3 Nc6 3. Bb5 a6 4. Ba4 Nf6 5. O-O Be7 6. Re1 b5 7. Bb3 d6 8. c3 O-O 9. d4 Bg4 10. Be3 Na5 11. Bc2 exd4 12. cxd4 c5 13. h3 Bh5 14. b3 Nc6 15. g4 Bg6 16. d5 Nb4 17.
Nh4 Bxe4 18. Bxe4 Nxe4 19. Nf5 Bf6 20. Na3 Bxa1 21. Qxa1 Qf6 22. Qb1 Nc3 23. Qc1 Nd3 24. Qd2 Nxe1 25. Qxe1 Nxd5 26. Bc1 Rfe8 27. Qd2 Qe5 28. Kg2 Qe4+ 29. Kg3 Re6 30. Bb2 f6 31. Nc2 Rd8 32. f3 Qf4+ 33. Qxf4 Nxf4 34. Kxf4 Re2 35.
Nfe3 d5 36. Ba3 b4 37. Bxb4 cxb4 38. Nd4 Rxa2 39. Nc6 Rd6 40. Nxd5 Rxc6 41. Ne7+ Kf7 42. Nxc6 a5 43. Ke4 Ra3 44. f4 Rxb3 45. Nxa5 Rxh3 46.
Nc4 b3 47. Kd4 Rg3 48. Nb2 Rxg4 49. Kc3 Rxf4 50. Kxb3 h5 51. Kc2 Rf2+ 52. Kc3 Rxb2 53. Kxb2 h4 54. Kc3 h3 55. Kc4 h2 56. Kb5 h1=Q 57.
Ka6 Qb1 58. Ka7 Ke6 59. Ka6 Kd5 60. Ka5 Kc5 61. Ka4 Qb4# 0-1

[Event "*** Titled Tuesday Blitz"]
[Site "Chess.com"]
[Date "2018.10.02"]
[Round "9"]
[White "b_6"]
[Black "51616516516"]
[Result "1/2-1/2"]
[WhiteElo "2389"]
[BlackElo "2304"]
[TimeControl "180+2"]
[EndTime "14:59:44 PDT"]
[Termination "Game drawn by repetition"]

1. d4 Nf6 2. Bf4 g6 3. Nc3 d5 4. e3 Bg7 5. h4 h5 6. Be2 c5 7.
Nb5 Na6 8. c3 O-O 9. Nf3 Bd7 10.
Ne5 Bxb5 11. Bxb5 Nc7 12. Bd3 Ne6 13. Bg3 Nd7 14. Nf3 Rc8 15. O-O a6 16. Re1 b5 17.
a3 Qb6 18. b4 cxd4 19. cxd4 a5 20. Qe2 Nc7 21. Rec1 axb4 22. axb4 Nf6 23. Be5 Na6 24.
Qb2 Ne4 25. Bxg7 Kxg7 26. Bxe4 dxe4 27. Nd2 f5 28. Nb3 Nxb4 29. Nc5 Nd3 30. Nxd3 exd3 31.
Qd2 b4 32. Qxd3 b3 33. Rxc8 Rxc8 34. Ra6 Qxa6 35. Qxa6 Rc1+ 36. Kh2 b2 37. Qb7 b1=Q 38. Qxe7+ Kg8 39. Qe8+ Kg7 40. Qe7+ Kh6 41. Qf8+ Kh7 42. Qf7+ Kh8 43. Qf8+ Kh7 44. Qf7+ Kh6 45. Qf8+ Kh7 46. Qf7+ Kh8 47. Qf8+ Kh7 48. Qf7+ Kh8 49. Qf8+ Kh7 1/2-1/2